 Dungeon Crawl Stone Soup version 0.27-a0-512-g57cc695410 (webtiles) character file.

Game seed: 5490170222797212331

5554 srzhan31 the Conjurer (level 10, -1/80 HPs)
             Began as a Demigod Conjurer on Mar 4, 2021.
             Slain by a boulder beetle (27 damage)
             ... on level 9 of the Dungeon.
             The game lasted 01:01:43 (8457 turns).

srzhan31 the Conjurer (Demigod Conjurer)            Turns: 8457, Time: 01:01:43

Health: -1/80      AC:  9    Str:  8    XL:     10   Next: 21%
Magic:  19/23      EV: 30    Int: 28    God:
Gold:   600        SH:  5    Dex: 16    Spells: 11/22 levels left

rFire    . . .     SeeInvis .   k - +2 short sword (elec)
rCold    . . .     Faith    .   p - +0 buckler
rNeg     + . .     Spirit   .   Z - +1 robe {Will+}
rPois    .         Reflect  .   C - +0 helmet
rElec    .         Harm     .   e - +1 cloak
rCorr    .         Rampage  .   z - +0 pair of gloves
Will     ++...                  l - +0 pair of boots
Stlth    ++........             R - amulet of the acrobat
HPRegen  0.23/turn              i - ring of positive energy
MPRegen  0.18/turn              D - ring of wizardry

@: acrobatic
A: high mp 1, forlorn
a: no special abilities


You were on level 9 of the Dungeon.
You visited 1 branch of the dungeon, and saw 9 of its levels.

You collected 600 gold pieces.

Inventory:

Hand Weapons
 b - a +3 dire flail
 k - a +2 short sword of electrocution (weapon)
 m - a +1 mace of draining
 s - a +1 short sword of freezing
 w - a +1 hunting sling of flaming
 y - a +2 vorpal mace
 B - a +2 flail of protection
 J - a +0 rapier of speed
 K - a +1 vampiric dagger
 V - a +2 spear of freezing
 W - a +4 trident
 X - a +3 great sword of freezing
Missiles
 h - 331 stones
 G - 5 silver javelins
Armour
 e - a +1 cloak (worn)
 l - a +0 pair of boots (worn)
 p - a +0 buckler (worn)
 z - a +0 pair of gloves (worn)
 C - a +0 helmet (worn)
 S - a +3 chain mail of fire resistance
 Z - a +1 robe of willpower (worn)
Jewellery
 i - a ring of positive energy (left hand)
 o - a ring of see invisible
 D - a ring of wizardry (right hand)
 P - a ring of flight
 R - an amulet of the acrobat (around neck)
Wands
 u - a wand of paralysis (6)
 H - a wand of polymorph (10)
 I - a wand of random effects (12)
 M - a wand of digging (2)
Scrolls
 d - 7 scrolls of teleportation
 f - 3 scrolls of fog
 g - a scroll of blinking
 r - a scroll of holy word
 t - a scroll of magic mapping
 E - 3 scrolls of fear
 U - 2 scrolls of enchant weapon
Potions
 j - 2 potions of cancellation
 q - 2 potions of haste
 x - a potion of flight
 A - 2 potions of curing
 L - a potion of invisibility {unknown}
 N - 4 potions of heal wounds
 Q - a potion of might {unknown}
Miscellaneous
 v - a phantom mirror


   Skills:
 * Level 4.6 Fighting
 * Level 4.8 Short Blades
 * Level 4.6 Armour
 * Level 5.4 Dodging
 - Level 2.0 Stealth
 * Level 3.9 Shields
 * Level 6.5 Spellcasting
 * Level 7.4 Conjurations
 + Level 0.1 Translocations


You had 11 spell levels left.
You knew the following spells:

 Your Spells              Type           Power        Failure   Level
a - Magic Dart            Conj           100%         1%          1
b - Searing Ray           Conj           100%         1%          2
c - Iskenderun's Mystic   Conj/Tloc      30%          4%          4
d - Fulminant Prism       Conj/Hex       14%          4%          4

Your spell library contained the following spells:

 Spells                   Type           Power        Failure   Level
 Dazzling Flash           Conj/Hex       58%          1%          3
 Animate Skeleton         Necr           18%          2%          1
 Apportation              Tloc           20%          2%          1
 Beastly Appendage        Tmut           18%          2%          1
 Corona                   Hex            10%          2%          1
 Summon Small Mammal      Summ           36%          2%          1
 Wereblood                Tmut           9%           3%          2
 Spider Form              Tmut/Pois      4%           7%          3
 Ice Form                 Ice/Tmut       9%           22%         4
 Blade Hands              Tmut           4%           52%         5


Dungeon Overview and Level Annotations

Branches:
Dungeon (9/15)             Temple (0/1) D:6
   Lair: D:8-11         Orc: D:9-12

Annotations:
D:8 3 runed translucent doors, foci's ghost, novice GrFi
D:9 3 runed translucent doors, sraybest's ghost, novice HOMo


Innate Abilities, Weirdness & Mutations

Your attributes grow dramatically as you level up.
You have an increased reservoir of magic. (+10% MP)
You shall have no god before yourself.


Message History

The boulder beetle curls into a ball and begins rolling!
The boulder beetle completely misses you.
The boulder beetle stops rolling and uncurls.
The boulder beetle leaps!
The boulder beetle curls into a ball and begins rolling!
The boulder beetle completely misses you.
The boulder beetle stops rolling and uncurls.
The boulder beetle leaps!
The boulder beetle leaps!
The boulder beetle curls into a ball and begins rolling!
The boulder beetle hits you!!!
The boulder beetle stops rolling and uncurls.
You hear a shout!
The boulder beetle misses you.
The boulder beetle leaps!
The boulder beetle leaps!
Hit: k) +2 short sword (elec)
Press: ? - help, Dir - move target, f/p - boulder beetle
Aim: a boulder beetle (about 9% to evade your +2 short sword of electrocution)
Your weapon can't reach that far!
Okay, then.
Okay, then.
You drop a +0 leather armour.
Unknown command.
Casting: Searing Ray (safe; 1% risk of failure)
Confirm with . or Enter, or press ? or * to list all spells.
Aiming: Searing Ray (safe; 1% risk of failure)
Press: ? - help, Shift-Dir - straight line, f/p - boulder beetle
Aim: a boulder beetle (0% to evade)
The searing ray hits the boulder beetle!
The boulder beetle is lightly wounded. (Press . to maintain the ray.)
The boulder beetle bites you!!
The searing ray hits the boulder beetle.
The boulder beetle is lightly wounded.
You block the boulder beetle's attack.
The searing ray hits the boulder beetle!
The boulder beetle is moderately wounded.
The boulder beetle bites you!!
You die...

.... #...........##........
....##.........######......
.........#.................
.........#................#
.........#.................
.........#...............).
.........#.....#...####....
.........##.........# #....
.........B@............#...
.....##................#...
................###....#...
.........................##
..................^........
...........................
..............##...........
###...................##...
#..(......#.......†......


You could see a boulder beetle.

Vanquished Creatures
  2 two-headed ogres (D:8)
  Prince Ribbit (D:7)
  Grinder (D:3)
  A vampire (D:8)
  A wyvern (D:9)
  Duvessa (D:6)
  An orc warrior (D:7)
  2 necrophages
  A black bear (D:6)
  A sky beast (D:7)
  2 centaurs
  4 ogres
  A kobold brigand (D:8)
  2 phantoms (D:7)
  A bullfrog (D:6)
  A gnoll sergeant (D:7)
  A wyvern zombie (D:6)
  Dowan (D:6)
  3 killer bees (D:7)
  3 scorpions
  15 wights
  A howler monkey (D:5)
  A lava snake (D:8)
  A bullfrog zombie (D:6)
  2 hounds
  2 bullfrog skeletons
  2 jellies
  3 orc priests
  A centaur skeleton (D:5)
  2 iguanas (D:5)
  4 orc wizards
  11 worker ants
  2 hound skeletons
  A howler monkey zombie (D:5)
  6 gnolls
  8 adders
  6 shadow imps
  3 white imps
  2 ufetubi (D:7)
  4 oozes
  4 adder skeletons
  A worm (D:4)
  4 leopard geckos
  29 orcs
  3 bats
  2 giant cockroaches (D:3)
  5 goblins
  5 hobgoblins
  10 jackals
  19 kobolds
  4 quokkas
  8 frilled lizards
  A giant cockroach zombie (D:5)
  A jackal zombie (D:8)
  A quokka skeleton (D:6)
  A quokka zombie (D:8)
  8 rats
  A rat zombie (D:7)
215 creatures vanquished.

Vanquished Creatures (others)
  An orc wizard (D:6)
  2 fulminant prisms (D:8)
3 creatures vanquished.

Grand Total: 218 creatures vanquished

Notes
Turn   | Place    | Note
-------+----------+-------------------------------------------
     0 | D:1      | srzhan31 the Demigod Conjurer began the quest for the Orb.
     0 | D:1      | Reached XP level 1. HP: 14/14 MP: 5/5
   225 | D:1      | Found a sparkling altar of Nemelex Xobeh.
   261 | D:1      | Reached skill level 4 in Conjurations
   279 | D:1      | Reached XP level 2. HP: 8/20 MP: 1/7
  1062 | D:2      | Learned a level 2 spell: Searing Ray
  1171 | D:2      | Reached XP level 3. HP: 26/26 MP: 3/8
  1582 | D:2      | Reached XP level 4. HP: 32/34 MP: 4/9
  2112 | D:3      | Noticed Grinder
  2128 | D:3      | Reached skill level 1 in Armour
  2133 | D:3      | Killed Grinder
  2134 | D:3      | Reached skill level 1 in Fighting
  2134 | D:3      | Reached skill level 1 in Short Blades
  2134 | D:3      | Reached skill level 1 in Shields
  2134 | D:3      | Reached XP level 5. HP: 38/40 MP: 2/12
  2269 | D:3      | Reached XP level 6. HP: 47/47 MP: 8/13
  2702 | D:4      | Reached skill level 5 in Conjurations
  3271 | D:4      | Reached XP level 7. HP: 32/53 MP: 6/15
  3708 | D:5      | Entered Level 5 of the Dungeon
  4410 | D:6      | Noticed Duvessa
  4422 | D:6      | Killed Duvessa
  4450 | D:6      | Noticed Dowan
  4457 | D:6      | Killed Dowan
  4458 | D:6      | Reached XP level 8. HP: 57/62 MP: 1/17
  4612 | D:6      | Found a staircase to the Ecumenical Temple.
  4961 | D:6      | Reached skill level 6 in Conjurations
  5007 | D:6      | Learned a level 4 spell: Iskenderun's Mystic Blast
  5271 | D:7      | Found an ancient bone altar of Kikubaaqudgha.
  5697 | D:7      | Reached skill level 5 in Spellcasting
  5927 | D:7      | Noticed Prince Ribbit
  6001 | D:7      | Reached XP level 9. HP: 70/70 MP: 10/20
  6106 | D:7      | Killed Prince Ribbit
  6601 | D:8      | Noticed a two-headed ogre
  6613 | D:8      | Killed a two-headed ogre
  6614 | D:8      | Reached skill level 5 in Dodging
  6614 | D:8      | Reached skill level 7 in Conjurations
  6674 | D:8      | Found a runed translucent gate.
  6674 | D:8      | Found a runed translucent gate.
  6676 | D:8      | Found a runed translucent gate.
  6787 | D:8      | Noticed foci's ghost (novice GrFi)
  6916 | D:8      | Learned a level 4 spell: Fulminant Prism
  7571 | D:8      | Noticed a two-headed ogre
  7578 | D:8      | Killed a two-headed ogre
  7579 | D:8      | Reached XP level 10. HP: 80/80 MP: 15/23
  8237 | D:9      | Found a runed translucent gate.
  8237 | D:9      | Found a runed translucent gate.
  8240 | D:9      | Found a runed translucent gate.
  8240 | D:9      | Noticed sraybest's ghost (novice HOMo)
  8243 | D:9      | Identified the +12 great sword "Zutiad" {vorpal, Int+6}
  8243 | D:9      | Identified the +0 plate armour of Yredelemnul's Esteem
                  | {rF+}
  8243 | D:9      | Found a roughly hewn altar of Beogh.
  8354 | D:9      | Noticed a boulder beetle
  8457 | D:9      | Slain by a boulder beetle

Illustrated notes

Levels and vault maps discovered:
D:1:      amcnicky_arrival_wind_blow, layout_basic, st_stairs_10,
          nemelex_diamond_rough_becter
D:2:      layout_loops_ring, supply_closet_lemuel, minmay_misc_feat_tower,
          grunt_ministairs_2
D:3:      layout_loops_ring, kennysheep_generic_room_4, uniq_grinder
D:4:      minmay_general_purpose_star, layout_basic
D:5:      layout_basic
D:6:      layout_rooms, minmay_temple_entry_overgrown,
          kennysheep_generic_room_11, uniq_duvessa
D:7:      layout_gridville, lemuel_zombie_altar_kikubaaqudgha,
          uniq_prince_ribbit1
D:8:      layout_gridville, gammafunk_ghost_spectres, kennysheep_island_fort
D:9:      minmay_recursive_quarters, layout_basic, biasface_ghost_orc_armoury,
          nicolae_gozag_seed_capital

Skill      XL: |  1  2  3  4  5  6  7  8  9 |
---------------+----------------------------+-----
Conjurations   | 4 5 6 7 |  7.4
Spellcasting   | 2 3 4 5 6 |  6.5
Stealth        | 2 |  2.0
Armour         | 1 2 3 4 |  4.6
Dodging        | 2 3 4 5 |  5.4
Fighting       | 1 2 3 4 |  4.6
Short Blades   | 1 2 3 4 |  4.8
Shields        | 1 2 3 |  3.9
Translocations | |  0.1

Action                   |  1- 3 |  4- 6 |  7- 9 | 10-12 || total
-------------------------+-------+-------+-------+-------++-------
Melee: Spear             |    16 |       |       |       ||    16
       Unarmed           |     3 |       |       |       ||     3
       Short sword       |    22 |    34 |   113 |     1 ||   170
Throw: Dart              |     2 |       |       |       ||     2
 Cast: Magic Dart        |    50 |    32 |    56 |     5 ||   143
       Searing Ray       |     3 |     9 |    68 |    12 ||    92
       Iskenderun's Myst |       |       |     6 |       ||     6
       Fulminant Prism   |       |       |     2 |       ||     2
  Use: Scroll            |       |       |    15 |     2 ||    17
       Potion            |       |       |     4 |       ||     4
 Stab: Sleeping          |     1 |     2 |     1 |       ||     4
Armor: Robe              |     6 |       |     1 |     1 ||     8
       Leather armour    |     7 |    17 |    67 |       ||    91
Dodge: Dodged            |    25 |    26 |   140 |    18 ||   209
Block: Buckler           |       |     5 |    44 |     3 ||    52

Table legend: (Time is in decaauts)
 A = Elapsed time spent in this place.
 B = Non-inter-level travel time spent in this place.
 C = Inter-level travel time spent in this place.
 D = Time resting spent in this place.
 E = Time spent auto-exploring this place.
 F = Levels seen in this place.
 G = Mean time per level.
                   A        B        C        D        E       F      G
               +--------+--------+--------+--------+--------+-----+--------+
         Total |   8434 |   8434 |      0 |      0 |     21 |   9 |  937.1 |
       Dungeon |   8434 |   8434 |      0 |      0 |     21 |   9 |  937.1 |
               +--------+--------+--------+--------+--------+-----+--------+

Top non-repeatable levels by time:
     D:8: 1430 daAuts
     D:7: 1279 daAuts
     D:4: 1005 daAuts
     D:1: 970 daAuts
     D:3: 907 daAuts
     D:2: 809 daAuts
     D:6: 755 daAuts
     D:9: 717 daAuts
     D:5: 559 daAuts
